 Dungeon Crawl Stone Soup version 0.19-a0-1511-g16f215b (webtiles) character file.

53951 junb69 the Fighter (level 14, -12/96 HPs)
             Began as a Tengu Gladiator on Sept 11, 2016.
             Was an Elder of Ashenzari.
             Mangled by a sun demon (14 damage)
             ... summoned by an orc sorcerer
             ... while paralysed by an orc sorcerer
             ... on level 2 of the Orcish Mines.
             The game lasted 01:11:12 (25219 turns).

junb69 the Fighter (Tengu Gladiator)               Turns: 25219, Time: 01:11:13

Health: -12/96     AC: 21    Str: 19    XL:     14   Next: 70%
Magic:  20/20      EV:  2    Int: 10    God:    Ashenzari [****..]
Gold:   1975       SH:  0    Dex: 15    Spells: 0 memorised, 13 levels left

rFire  . . .     SeeInvis +     E - +5 scimitar (flame) (curse)
rCold  . . .     Gourm    .     C - +3 scale mail
rNeg   + . .     Faith    .     e - +2 large shield {AC+3}
rPois  +         Spirit   .     c - +2 hat (curse)
rElec  .         Dismiss  +     x - +2 cloak (curse)
rCorr  .         Reflect  .     V - +0 pair of gloves
MR     +....     Harm     .     (boots unavailable)
Stlth  .......... Clarity  +    u - amulet of dismissal (curse)
                                a - ring of positive energy
                                S - ring of poison resistance

@: paralysed, flying quickly and evasively, quick
A: beak, talons 3, able to fly 2
a: Stop Flying, Curse Item, Scrying, Renounce Religion


You were on level 2 of the Orcish Mines.
You worshipped Ashenzari.
Ashenzari was greatly pleased with you.
You were not hungry.

You visited 4 branches of the dungeon, and saw 20 of its levels.
You also visited: Ice Cave.

You collected 2052 gold pieces.
You spent 77 gold pieces at shops.

Inventory:

Hand Weapons
 z - a +2 scimitar of freezing
 E - a cursed +5 scimitar of flaming (weapon)
Missiles
 d - 2 throwing nets (quivered)
Armour
 b - a +2 cloak of poison resistance
 c - a cursed +2 hat (worn)
 e - a +2 large shield of protection (worn)
 x - a cursed +2 cloak (worn)
 C - a +3 scale mail (worn)
 V - a +0 pair of gloves (worn)
Jewellery
 a - a ring of positive energy (right hand)
 g - an uncursed ring of wizardry
 u - a cursed amulet of dismissal (around neck)
 y - an uncursed ring of protection from cold
 S - a ring of poison resistance (left hand)
Wands
 B - a wand of random effects (23/48)
 G - a wand of digging (6/24)
 Q - a wand of disintegration (2/24)
 W - a wand of flame (13/48)
 X - a wand of iceblast (9/15)
Scrolls
 h - a scroll of magic mapping
 l - 2 scrolls of fear
 m - 3 scrolls of fog
 s - 3 scrolls of teleportation
 I - a scroll of silence
 K - 2 scrolls of blinking
 L - a scroll of identify
Potions
 n - 4 potions of heal wounds
 p - a potion of might
 q - a potion of cancellation
 t - 2 potions of lignification
 v - 2 potions of cure mutation
 w - 4 potions of curing
 J - a potion of invisibility
 O - a potion of resistance
 R - 2 potions of agility
 U - 2 potions of haste
Miscellaneous
 T - a box of beasts
Comestibles
 f - 16 bread rations
 i - 11 chunks of flesh
 r - 5 meat rations
 D - 2 beef jerkies


   Skills:
 - Level 14.1 Fighting
 - Level 11.1(14.3) Long Blades
 - Level 2.0 Throwing
 - Level 10.3 Armour
 - Level 10.5 Dodging
 - Level 11.4 Shields
 * Level 7.0 Evocations


You had 13 spell levels left.
You didn't know any spells.

Dungeon Overview and Level Annotations

Branches:
Dungeon (12/15)            Temple (1/1) D:6            Lair (5/6) D:11
  Swamp (0/4) Lair:2       Spider (0/4) Lair:2          Orc (2/2) D:12
  Slime: Lair:5-6       Elf: Orc:2

Altars:
Ashenzari
Cheibriados
Dithmenos
Elyvilon
Fedhas
Gozag
Hepliaklqana
Kikubaaqudgha
Makhleb
Nemelex Xobeh
Okawaru
Qazlal
Ru
Sif Muna
Trog
Uskayaw
Vehumet
Xom
Yredelemnul
Zin
The Shining One

Shops:
D:8 !

Portals:
Trove: D:11 (give 15 potions of curing)

Annotations:
D:10 exclusion: ice statue
Lair:1 roguesci's ghost, journeyman NaWr


Innate Abilities, Weirdness & Mutations

You have a beak for a mouth.
You have claws for feet.
You can fly continuously.


Message History

An orc sorcerer comes into view. It is wielding a dagger.
You see here 25 gold pieces.
The orc sorcerer gestures at you while chanting.
You suddenly lose the ability to move!
The orc sorcerer mumbles some strange words.
The orc sorcerer shimmers violently.
The orc sorcerer casts a spell at you.
The bolt of fire hits the sun demon.
The sun demon completely resists.
The bolt of fire hits you! The sun demon hits you.
You are engulfed in flames!!
The orc sorcerer gestures wildly while chanting.
The sun demon hits you.
You are engulfed in flames!!
The sun demon hits you!!
* * * LOW HITPOINT WARNING * * *
You are engulfed in flames!
* * * LOW HITPOINT WARNING * * *
The sun demon hits you.
* * * LOW HITPOINT WARNING * * *
You are engulfed in flames!
You die...

**###### ## * **** *.#
.##.#..##.####.. ,, ,
. .. .......$...#... ,
, #.#. #.#...........,
##...*##....$.......,
,
*#....##.............,
, ,
......#.............
,,, *
*,#......$.......,,
##.))@.......... , ,
#<..#.3.....$...,, ,
##.###.$........, ,,,
### ##.o......., ,,
*#..3......,,,,,
*.........., ,
#.$....... ,, ,,
##........ ,,,
*#.....o ,∩ 8,


You could see a sun demon, a smoke demon and an orc sorcerer.

Vanquished Creatures
  An orc warlord (D:12)
  6 hydras
  A catoblepas (Lair:4)
  Erica (D:8)
  The ghost of Krapule the Basher, a novice OgBe of Trog (D:7)
  5 death yaks
  2 hill giants (D:12)
  Pikel (D:5)
  2 lindwurms
  An orc sorcerer (Orc:1)
  3 ugly things
  A griffon (Lair:5)
  6 elephants
  Psyche (D:11)
  A torpor snail (Lair:3)
  4 black mambas
  Maurice (D:9)
  A centaur skeleton (D:12)
  A gargoyle (D:12)
  8 spiny frogs
  6 komodo dragons
  2 rime drakes
  6 trolls
  5 jumping spiders (Lair:2)
  6 polar bears (IceCv)
  A two-headed ogre (D:11)
  2 giant leeches (Lair:2)
  15 blink frogs
  2 slime creatures (D:12)
  A dream sheep (Lair:5)
  Sigmund (D:3)
  A spriggan (D:11)
  A wraith (D:12)
  A vampire (D:11)
  2 redbacks (Lair:2)
  3 wyverns
  A basilisk (Lair:1)
  48 yaks
  3 hungry ghosts
  The ghost of Cadaver the Cudgeler, an amateur HuSk (D:6)
  8 hippogriffs
  A mottled dragon (D:12)
  4 wargs
  5 porcupines
  12 water moccasins
  2 slaves (D:5)
  A phantom (D:4)
  17 orc warriors
  3 ice beasts
  2 sky beasts
  A necrophage (D:12)
  19 wolves (IceCv)
  10 ogres
  5 centaurs
  7 crocodiles
  A big kobold (D:7)
  Blork the orc (D:6)
  2 gnoll sergeants
  15 giant frogs
  A wyvern skeleton (D:11)
  3 scorpions
  A water moccasin skeleton (D:7)
  10 wights (D:7)
  2 howler monkeys
  An electric eel (Lair:4)
  5 crimson imps
  5 hounds
  A quasit (D:5)
  3 centaur zombies
  2 giant frog skeletons
  A jelly (D:9)
  Crazy Yiuf (D:6)
  13 orc priests
  15 orc wizards
  Terence (D:3)
  Jessica (D:2)
  11 iguanas
  Ijyb (D:2)
  18 worker ants
  3 worker ant zombies
  14 gnolls
  10 adders
  46 river rats
  3 shadow imps
  12 white imps (Lair:5)
  2 oozes
  An adder zombie (D:9)
  An adder skeleton (D:4)
  3 worms
  3 dart slugs
  7 giant geckos
  89 orcs
  5 giant cockroaches
  9 hobgoblins
  6 jackals
  6 quokkas
  8 bats
  A giant gecko skeleton (D:6)
  3 giant newts
  5 goblins
  12 kobolds
  A quokka skeleton (D:5)
  5 rats
  A fungus (D:6)
  A plant (Lair:4)
625 creatures vanquished.

Vanquished Creatures (others)
  A yak (IceCv)
  A slave (D:6)
  A howler monkey (D:8)
  A crimson imp (D:5)
  An orc wizard (D:3)
  A giant newt (D:5)
  4 fungi
  5 plants
  6 toadstools (Lair:4)
21 creatures vanquished.

Grand Total: 646 creatures vanquished

Notes
Turn   | Place    | Note
-------+----------+-------------------------------------------
     0 | D:1      | junb69 the Tengu Gladiator began the quest for the Orb.
     0 | D:1      | Reached XP level 1. HP: 12/12 MP: 2/2
    96 | D:1      | Reached XP level 2. HP: 18/18 MP: 3/3
   514 | D:1      | Reached XP level 3. HP: 22/22 MP: 4/4
   733 | D:2      | Found a radiant altar of Vehumet.
   740 | D:2      | Found a burning altar of Makhleb.
   803 | D:2      | Noticed Jessica
   807 | D:2      | Killed Jessica
   807 | D:2      | Reached skill level 3 in Fighting
   807 | D:2      | Reached XP level 4. HP: 28/28 MP: 5/5
  1331 | D:2      | Noticed Ijyb
  1341 | D:2      | Killed Ijyb
  1341 | D:2      | Gained mutation: You can fly. [Tengu growth]
  1341 | D:2      | Reached XP level 5. HP: 32/33 MP: 6/6
  1556 | D:3      | Reached skill level 5 in Long Blades
  1659 | D:3      | Reached skill level 4 in Fighting
  2120 | D:3      | Noticed Terence
  2129 | D:3      | Killed Terence
  2129 | D:3      | Reached XP level 6. HP: 28/39 MP: 7/7
  2168 | D:3      | Noticed Sigmund
  2178 | D:3      | Killed Sigmund
  2178 | D:3      | Reached skill level 5 in Fighting
  2250 | D:3      | Found a shimmering altar of Xom.
  2254 | D:3      | Found a hide-covered altar of Uskayaw.
  2260 | D:3      | Found a basalt altar of Yredelemnul.
  2353 | D:4      | Noticed a phantom
  2390 | D:4      | Killed a phantom
  2390 | D:4      | Reached XP level 7. HP: 43/44 MP: 8/8
  3172 | D:4      | Reached skill level 6 in Fighting
  3528 | D:4      | Reached XP level 8. HP: 12/52 MP: 9/9
  4388 | D:5      | Entered Level 5 of the Dungeon
  4837 | D:5      | Reached skill level 7 in Fighting
  5478 | D:6      | Noticed Pikel
  5822 | D:5      | Killed Pikel
  5822 | D:5      | Reached skill level 8 in Fighting
  5822 | D:5      | Reached XP level 9. HP: 14/60 MP: 10/10
  6201 | D:6      | Noticed Cadaver's ghost (amateur HuSk)
  6214 | D:6      | Killed Cadaver's ghost
  6557 | D:6      | Noticed Blork the orc
  6562 | D:6      | Killed Blork the orc
  6610 | D:6      | Found a staircase to the Ecumenical Temple.
  6617 | Temple   | Entered the Ecumenical Temple
  6630 | Temple   | Became a worshipper of Ashenzari the Shackled
  6660 | D:6      | Reached skill level 10 in Long Blades
  6860 | D:6      | Reached skill level 9 in Fighting
  7048 | D:6      | Found a runed door.
  7052 | D:6      | Noticed Crazy Yiuf
  7057 | D:6      | Killed Crazy Yiuf
  7155 | D:7      | Reached skill level 1 in Armour
  7312 | D:7      | Found an iron altar of Okawaru.
  7521 | D:7      | Found an ancient bone altar of Kikubaaqudgha.
  7543 | D:7      | Noticed Krapule's ghost (novice OgBe)
  7623 | D:7      | Killed Krapule's ghost
  7623 | D:7      | Reached skill level 10 in Fighting
  7623 | D:7      | Reached XP level 10. HP: 51/68 MP: 11/11
  7922 | D:7      | Reached skill level 5 in Armour
  8539 | D:7      | Reached skill level 1 in Shields
  9028 | D:8      | Found Qikeati's Distillery.
  9036 | D:8      | Bought a potion of might for 44 gold pieces
  9036 | D:8      | Bought a potion of curing for 33 gold pieces
  9095 | D:8      | Noticed Erica
  9258 | D:8      | Reached * piety under Ashenzari
  9524 | D:8      | Killed Erica
  9524 | D:8      | Reached skill level 5 in Dodging
 10176 | D:9      | Reached skill level 5 in Shields
 10774 | D:9      | Noticed Maurice
 10792 | D:9      | Killed Maurice
 10792 | D:9      | Reached XP level 11. HP: 64/73 MP: 12/12
 11038 | D:9      | Reached ** piety under Ashenzari
 11226 | D:10     | Entered Level 10 of the Dungeon
 12471 | D:11     | Noticed a cyan ugly thing
 12485 | D:11     | Killed a cyan ugly thing
 12525 | D:11     | Found a portal to a secret trove of treasure.
 12690 | D:11     | Noticed Psyche
 12693 | D:11     | Killed Psyche
 12693 | D:11     | Reached skill level 1 in Evocations
 13035 | D:11     | Found a staircase to the Lair.
 13482 | D:11     | Reached skill level 5 in Evocations
 13536 | Lair:1   | Entered Level 1 of the Lair of Beasts
 13734 | Lair:1   | Noticed roguesci's ghost (journeyman NaWr)
 14144 | Lair:1   | Noticed an eight-headed hydra
 14152 | Lair:1   | Killed a three-headed hydra
 14152 | Lair:1   | Reached XP level 12. HP: 78/78 MP: 16/18
 14688 | Lair:2   | Found a hole to the Spider Nest.
 14999 | Lair:2   | Reached skill level 11 in Fighting
 15169 | Lair:2   | Reached *** piety under Ashenzari
 15214 | Lair:2   | Found a staircase to the Swamp.
 15753 | Lair:3   | Found a runed door.
 15761 | Lair:3   | Noticed a seven-headed hydra
 17025 | Lair:4   | Reached skill level 12 in Fighting
 17025 | Lair:4   | Reached XP level 13. HP: 86/86 MP: 19/19
 17193 | Lair:4   | Found a runed door.
 18956 | Lair:4   | Identified the +10 executioner's axe of the Sun {flame, *Drain rC++}
 19162 | Lair:5   | Reached **** piety under Ashenzari
 19165 | Lair:5   | Found a frozen archway.
 19299 | IceCv    | Entered an ice cave
 19410 | IceCv    | Reached skill level 13 in Fighting
 20461 | IceCv    | Noticed a frost giant
 20509 | IceCv    | Identified the cursed +1 rapier "Wuheb" {venom, rPois rC+ Dex+6 SInv}
 21052 | Lair:5   | Gained mutation: You can fly continuously. [Tengu growth]
 21052 | Lair:5   | Reached XP level 14. HP: 48/95 MP: 20/20
 21085 | Lair:5   | Reached skill level 10 in Dodging
 21374 | Lair:5   | Reached skill level 10 in Shields
 21381 | Lair:5   | Reached skill level 14 in Fighting
 22578 | D:12     | Found a staircase to the Orcish Mines.
 23945 | Orc:1    | Entered Level 1 of the Orcish Mines
 24105 | Orc:1    | Found a burning altar of Makhleb.
 24332 | Orc:1    | Reached skill level 10 in Armour
 24654 | Orc:1    | Noticed an orc warlord
 24936 | D:12     | Killed an orc warlord
 25160 | Orc:2    | Entered Level 2 of the Orcish Mines
 25212 | Orc:2    | Paralysed by an orc sorcerer for 7 turns
 25218 | Orc:2    | HP: 4/96 [sun demon[an orc sorcerer] (14)]
 25219 | Orc:2    | Mangled by a sun demon

Vault maps used:
D:1:      tarquinn_simple_flora_water_f
D:2:      amethyst_overflow_temple_binary, uniq_iyjb, uniq_jessica
D:3:      minitemple, uniq_terence, uniq_sigmund
D:5:      first_bread
D:6:      uniq_crazy_yiuf_cottage, uniq_pikel, uniq_blork_the_orc
D:7:      kiku_gazebo_garden_becter, basic_altar
D:8:      serial_shops, shop, uniq_erica
D:9:      uniq_maurice
D:10:     lemuel_ice_statue, special_room
D:11:     david_lair_generic, nicolae_trove_entry_free_sample, the_bakery,
          uniq_psyche
D:12:     erik_orc_3, serial_co_window_serial, co_window_corner_a,
          co_window_of_opportunity_a, co_window_of_opportunity_a,
          co_window_paths_a, co_window_paths_a, co_window_corner_b,
          co_window_paths_c, co_window_paths_c, co_window_broadway_c,
          co_window_corner_b, co_window_4corner_a, glass_columns_a,
          glass_columns_b, glass_columns_a
Temple:   minmay_freezing_vapour_temple
Lair:1:   grunt_forest_stairs_basic
Lair:2:   minmay_swamp_entry_worms, nicolae_spider_entry_tight_spaces,
          infiniplex_staircase_pool_2, grunt_megastairs_2, lemuel_fruit_fields
Lair:3:   pf_torpor_hydra
Lair:4:   gammafunk_lair_enchanted_lake
Lair:5:   portal_ice_cave_entry_imps, minmay_hedge_maze,
          grunt_forest_large_clearing_hut, lemuel_fruit_tree
Orc:1:    basic_altar
Orc:2:    grunt_orc_gardens, grunt_orc_garden, grunt_orc_garden,
          grunt_orc_garden, grunt_orc_garden
IceCv:    ice_cave_caverns_02

Skill      XL: |  1  2  3  4  5  6  7  8  9 10 11 12 13 14 |
---------------+-------------------------------------------+-----
Long Blades    | 4 5 6 7 9 10 11 | 11.1
Fighting       | 3 4 5 6 8 10 12 13 14 | 14.1
Armour         | 4 5 7 8 10 | 10.3
Shields        | 5 6 9 11 | 11.4
Dodging        | 6 8 9 10 | 10.5
Evocations     | 7 |  7.0
Throwing       | |  2.0

Action                   |  1- 3 |  4- 6 |  7- 9 | 10-12 | 13-15 || total
-------------------------+-------+-------+-------+-------+-------++-------
Melee: Long sword        |    61 |   140 |   365 |       |       ||   566
       Kick              |    13 |    37 |   114 |   296 |   329 ||   789
       Peck              |     8 |    25 |    70 |   202 |   202 ||   507
       Scimitar          |       |       |    29 |   946 |   879 ||  1854
Throw: Throwing net      |       |     1 |     2 |       |       ||     3
Invok: Curse Item        |       |       |     3 |     1 |       ||     4
 Abil: Fly               |       |       |       |     1 |     7 ||     8
Evoke: Wand              |       |       |    13 |    14 |    28 ||    55
  Use: Potion            |       |       |     7 |       |     2 ||     9
       Scroll            |       |       |    10 |    22 |     8 ||    40
 Stab: Invisible         |       |       |     4 |       |     3 ||     7
       Paralysed         |       |       |     7 |    20 |    12 ||    39
  Eat: Chunk             |       |     5 |    16 |    20 |    20 ||    61
       Beef jerky        |       |       |     1 |       |     1 ||     2
       Fruit             |       |       |       |     9 |     6 ||    15
       Pizza             |       |       |       |     1 |       ||     1
       Meat ration       |       |       |       |     1 |       ||     1
       Bread ration      |       |       |       |     1 |       ||     1
Armor: Leather armour    |     3 |       |       |       |       ||     3
       Ring mail         |    18 |    31 |    16 |       |       ||    65
       Scale mail        |       |       |    69 |   216 |   153 ||   438
Dodge: Dodged            |    34 |    63 |   171 |   290 |   260 ||   818
Block: Buckler           |       |       |       |    34 |       ||    34
       Shield            |       |       |       |   206 |   244 ||   450
       Large shield      |       |       |       |       |   162 ||   162
